 Dungeon Crawl Stone Soup version 0.30-a0-912-ge10d75a (webtiles) character file.

Game seed: 8893567300300687133

75 Illumine the Shield-Bearer (level 4, -2/23 HPs)
             Began as a Vine Stalker Fighter on Mar 19, 2023.
             Slain by a gnoll
             ... wielding a +0 halberd
              (10 damage)
             ... on level 2 of the Dungeon.
             The game lasted 00:01:47 (1585 turns).

Illumine the Shield-Bearer (Vine Stalker Fighter)   Turns: 1585, Time: 00:01:47

Health: -2/23      AC:  6    Str: 18    XL:     4   Next: 31%
Magic:  0/8        EV:  9    Int:  8    God:
Gold:   46         SH:  5    Dex: 16    Spells: 7/7 levels left

rFire   . . .      SeeInvis .    a - +0 rapier
rCold   . . .      Faith    .    c - +0 buckler
rNeg    . . .      Spirit   +    b - +0 scale mail
rPois   .          Reflect  .    (no helmet)
rElec   .          Rampage  .    (no cloak)
rCorr   .                        (no gloves)
Will    .....                    (no boots) Stlth
                                 (no amulet)
HPRegen 1.03/turn                (no ring)
MPRegen 0.11/turn                (no ring)

@: no status effects
A: fangs 2, regeneration 1, magic shield, antimagic bite, no potion heal 2
a: no special abilities


You were on level 2 of the Dungeon.
You visited 1 branch of the dungeon, and saw 2 of its levels.

You collected 46 gold pieces.

Inventory:

Hand Weapons
 a - a +0 rapier (weapon)
 m - a +0 arbalest
Missiles
 o - 4 javelins (quivered)
Armour
 b - a +0 scale mail (worn)
 c - a +0 buckler (worn)
Scrolls
 g - a scroll of immolation {unknown}
 i - a scroll of fog {unknown}
 j - a scroll of fear {unknown}
 n - 3 scrolls of identify {unknown}
Potions
 d - 3 potions of might
 e - 4 potions of heal wounds {unknown}
 f - a potion of mutation {unknown}
 h - a potion of magic {unknown}
 k - 2 potions of degeneration {unknown}
 l - a potion of berserk rage {unknown}
 p - a potion of resistance {unknown}


   Skills:
 - Level 2.7 Fighting
 - Level 2.4(2.5) Short Blades
 + Level 0.6(1.7) Long Blades
 - Level 2.4 Armour
 + Level 3.4 Shields
 + Level 2.0 Spellcasting


You had 7 spell levels left.
You didn't know any spells.
Your spell library contained the following spells:

 Spells                   Type           Power      Damage    Failure   Level
 Cigotuvi's Dreadful Rot  Necr/Pois/Air  0%         N/A       92%         2
 Poisonous Vapours        Pois/Air       0%         N/A       92%         2
 Mephitic Cloud           Conj/Pois/Air  0%         N/A       99%         3


Dungeon Overview and Level Annotations

Branches:
Dungeon (2/15)

Altars:

Shops:
D:1 [


Innate Abilities, Weirdness & Mutations

You have extremely sharp teeth.
Your natural rate of healing is unusually fast.
When hurt, damage is shared between your health and your magic reserves.
Your bite disrupts and absorbs the magic of your enemies.
Potions cannot restore your health.


Message History

No target in view!
Magic restored.
There is an open door here.
There is an open door here.
Found a stone staircase leading down.
No target in view!
There is a stone staircase leading down here.
A gnoll comes into view. It is wielding a +0 halberd.
The gnoll shouts!
You hear a shout! x5
You hear a shout!
A gnoll is nearby!
The gnoll hits you from afar with a +0 halberd!
A gnoll is nearby!
The gnoll hits you with a +0 halberd.
You closely miss the gnoll. The gnoll barely misses you.
You hit the gnoll but do no damage. The gnoll barely misses you.
You hit the gnoll.
The gnoll is lightly wounded.
The gnoll hits you with a +0 halberd.
You closely miss the gnoll. You bite the gnoll. You drain its power.
You feel invigorated.
The gnoll is moderately wounded.
The gnoll barely misses you.
You barely miss the gnoll. Your bite misses the gnoll.
The gnoll is moderately wounded.
The gnoll hits you with a +0 halberd.
You barely miss the gnoll. You bite the gnoll, but do no damage.
The gnoll is moderately wounded.
The gnoll closely misses you.
You completely miss the gnoll.
The gnoll is moderately wounded.
The gnoll hits you with a +0 halberd! The gnoll hits you with a +0 halberd.
* * * LOW HITPOINT WARNING * * *
You hit the gnoll.
The gnoll is severely wounded.
You block the gnoll's attack.
You hit the gnoll but do no damage.
The gnoll is severely wounded.
The gnoll hits you with a +0 halberd!
You die...

... #.#
... #.#
... #.#
... #.#
..
#.#####
#>....#
#####.#
#.# #@#
#g# #.#
#.. ###


You could see a gnoll.

Vanquished Creatures
  2 adders (D:2)
  A dart slug (D:1)
  3 endoplasms
  2 giant cockroaches
  4 goblins
  6 hobgoblins
  4 jackals (D:2)
  7 kobolds
  5 quokkas
  6 ball pythons
  2 bats
  2 frilled lizards
  6 rats
50 creatures vanquished.

Notes
Turn   | Place    | Note
-------+----------+-------------------------------------------
     0 | D:1      | Illumine the Vine Stalker Fighter began the quest for the
                  | Orb.
     0 | D:1      | Reached XP level 1. HP: 11/11 MP: 2/2
    86 | D:1      | Reached XP level 2. HP: 16/16 MP: 3/3
   315 | D:1      | Reached skill level 3 in Shields
   315 | D:1      | Reached skill level 1 in Spellcasting
   503 | D:1      | Reached XP level 3. HP: 19/19 MP: 5/5
   609 | D:1      | Found Leosye's Antique Armour Shoppe.
  1468 | D:2      | Gained mutation: Your natural rate of healing is unusually
                  | fast. [Vine Stalker growth]
  1468 | D:2      | Reached XP level 4. HP: 21/23 MP: 7/7
  1585 | D:2      | Slain by a gnoll

Illustrated notes

Levels and vault maps discovered:
D:1:      lightli_arrival_farm, layout_loops_corners, serial_shops, shop,
          kennysheep_flooded_box
D:2:      layout_basic, dreamdust_ecumenical_altar_hidden_monk_grotto,
          basic_altar

Skill      XL: |  1  2  3  4 |
---------------+-------------+-----
Short Blades   | 2 |  2.4
Shields        | 3 |  3.4
Spellcasting   | 1 2 |  2.0
Fighting       | |  2.7
Long Blades    | |  0.6
Armour         | |  2.4

Action                     |  1- 3 |  4- 6 || total
---------------------------+-------+-------++-------
  Melee: Rapier            |   133 |    16 ||   149
         Bite              |    30 |     3 ||    33
 Armour: Scale mail        |    51 |     2 ||    53
  Dodge: Dodged            |    55 |     6 ||    61
  Block: Buckler           |    37 |     2 ||    39

Table legend: (Time is in decaauts)
 A = Elapsed time spent in this place.
 B = Non-inter-level travel time spent in this place.
 C = Inter-level travel time spent in this place.
 D = Time resting spent in this place.
 E = Time spent auto-exploring this place.
 F = Levels seen in this place.
 G = Mean time per level.
                   A        B        C        D        E       F      G
               +--------+--------+--------+--------+--------+-----+--------+
         Total |   1618 |   1574 |     44 |      0 |   1228 |   2 |  809.0 |
       Dungeon |   1618 |   1574 |     44 |      0 |   1228 |   2 |  809.0 |
               +--------+--------+--------+--------+--------+-----+--------+

Top non-repeatable levels by time:
     D:1: 1060 daAuts
     D:2: 557 daAuts
